 Dungeon Crawl Stone Soup version 0.30-a0-1082-g70414cbcbb (webtiles) character file.

Game seed: 5127478559698431352

14911 bearlyready the Basher (level 12, -10/94 HPs)
             Began as a Gnoll Reaver on Apr 14, 2023.
             Was a Priest of Nemelex Xobeh.
             Mangled by a naga mage
             ... wielding a +1 vampiric whip
              (11 damage)
             ... on level 2 of the Abyss on Apr 16, 2023.
             The game lasted 00:37:30 (13470 turns).

bearlyready the Basher (Gnoll Reaver)              Turns: 13470, Time: 00:37:31

Health: -10/94     AC: 11    Str: 15    XL:     12   Next: 21%
Magic:  25/25      EV: 12    Int: 14    God:    Nemelex Xobeh [***...]
Gold:   2251       SH:  0    Dex: 11    Spells: 25/29 levels left

rFire   . . .      SeeInvis .    a - +0 dagger (elec)
rCold   . . .      Faith    .    (no shield)
rNeg    + . .      Spirit   .    R - +0 steam dragon scales
rPois   +          Reflect  .    h - +1 helmet
rElec   .          Rampage  .    (no cloak)
rCorr   .                        Q - +0 pair of gloves
Will    .....                    v - +0 pair of boots
Stlth   +++                      S - amulet of regeneration
HPRegen 1.15/turn                j - ring of poison resistance
MPRegen 0.19/turn                K - ring of positive energy

@: about to teleport, constricted
A: fangs 1, strong nose, distributed training
a: Renounce Religion, Draw Escape, Draw Destruction, Draw Summoning, Triple Draw


You were on level 2 of the Abyss.
You worshipped Nemelex Xobeh.
Nemelex Xobeh was most pleased with you.
You visited 2 branches of the dungeon, and saw 13 of its levels.
You visited the Abyss 1 time.

You collected 2251 gold pieces.

Inventory:

Hand Weapons
 a - a +0 dagger of electrocution (weapon)
 b - a +2 longbow of draining
 q - a +2 whip of electrocution
 H - a +1 dagger of venom
 N - a +5 trident of freezing
Missiles
 c - a throwing net
 l - 27 boomerangs
 n - 6 datura-tipped darts
 o - 9 atropa-tipped darts
 t - 38 poisoned darts (quivered)
 B - 2 curare-tipped darts
 F - a silver boomerang
 U - 2 javelins
Armour
 h - a +1 helmet (worn)
 m - a +0 hat
 v - a +0 pair of boots (worn)
 Q - a +0 pair of gloves (worn)
 R - +0 steam dragon scales (worn)
Jewellery
 j - a ring of poison resistance (left hand)
 K - a ring of positive energy (right hand)
 S - an amulet of regeneration (around neck)
 T - a ring of resist corrosion
Wands
 g - a wand of acid (2)
 i - a wand of digging (13)
 E - a wand of flame (7)
 Z - a wand of paralysis (5)
Scrolls
 s - 2 scrolls of teleportation
 u - a scroll of enchant weapon
 w - a scroll of silence {unknown}
 x - 2 scrolls of poison
 y - 2 scrolls of butterflies
 I - 6 scrolls of vulnerability
 L - 4 scrolls of immolation
 M - 3 scrolls of amnesia
 P - a scroll of fear
 V - a scroll of torment {unknown}
 W - a scroll of magic mapping {unknown}
 Y - 2 scrolls of enchant armour
Potions
 d - 3 potions of degeneration
 e - 2 potions of brilliance
 f - 2 potions of flight
 k - 5 potions of curing
 r - 3 potions of attraction
 z - a potion of cancellation
 A - 2 potions of lignification {unknown}
 C - 2 potions of haste
 D - 5 potions of might
 G - a potion of ambrosia {unknown}
 J - a potion of invisibility {unknown}
 O - 3 potions of mutation
 X - a potion of resistance


   Skills:
 + Level 8.7 Fighting
 + Level 7.3 Short Blades
 + Level 7.3 Long Blades
 + Level 7.3 Axes
 + Level 9.9 Maces & Flails
 + Level 7.3 Polearms
 + Level 7.3 Staves
 + Level 7.3 Ranged Weapons
 + Level 7.3 Throwing
 + Level 7.3 Armour
 + Level 8.7 Dodging
 + Level 7.3 Stealth
 + Level 7.3 Shields
 + Level 7.3 Unarmed Combat
 + Level 9.0 Spellcasting
 + Level 8.3 Conjurations
 + Level 6.1 Hexes
 + Level 6.1 Summonings
 + Level 6.1 Necromancy
 + Level 6.1 Translocations
 + Level 6.1 Transmutations
 + Level 6.1 Fire Magic
 + Level 6.1 Ice Magic
 + Level 6.1 Air Magic
 + Level 6.1 Earth Magic
 + Level 6.1 Poison Magic
 + Level 8.0 Invocations
 + Level 7.3 Evocations


You had 25 spell levels left.
You knew the following spells:

 Your Spells              Type           Power      Damage    Failure   Level
a - Kiss of Death         Conj/Necr      100%       2d13      1%          1
b - Momentum Strike       Conj/Tloc      52%        3d9       1%          2
c - Slow                  Hex            92%        N/A       1%          1

Your spell library contained the following spells:

 Spells                   Type           Power      Damage    Failure   Level
 Hailstorm                Conj/Ice       26%        3d7       1%          3
 Confusing Touch          Hex            23%        N/A       2%          3
 Inner Flame              Hex/Fire       23%        N/A       2%          3
 Tukima's Dance           Hex            23%        N/A       2%          3
 Vampiric Draining        Necr           23%        2d7       2%          3
 Passage of Golubria      Tloc           23%        N/A       10%         4
 Iskenderun's Battlesphe  Conj           29%        2d8       11%         5
 Fireball                 Conj/Fire      13%        3d7       17%         5
 Yara's Violent Unravell  Hex/Tmut       11%        3d6       26%         5
 Conjure Ball Lightning   Conj/Air       13%        3x3d6     67%         6
 Orb of Destruction       Conj           14%        9d7       97%         7
 Enfeeble                 Hex            11%        N/A       100%        7


Dungeon Overview and Level Annotations

Branches:
Dungeon (12/15)            Temple (1/1) D:6            Lair (0/5) D:10
    Orc (0/2) D:10

Altars:
Ashenzari
Cheibriados
Dithmenos
Elyvilon
Fedhas
Gozag
Hepliaklqana
Kikubaaqudgha
Makhleb
Nemelex Xobeh
Okawaru
Qazlal
Ru
Sif Muna
Trog
Uskayaw
Vehumet
Wu Jian
Xom
Yredelemnul
Zin
The Shining One

Shops:
D:4 [*([[

Annotations:
D:12 Sonja


Innate Abilities, Weirdness & Mutations

You have very sharp teeth.
Your uncanny sense of smell can sniff out nearby items.
Your experience applies equally to all skills.


Message History

The splash of poison hits you but does no damage.
You resist. The naga mage constricts you.
The naga mage mumbles some strange words.
The naga mage seems to speed up.
The great orb of eyes bites you.
The hellion hits you but does no damage.
You feel much better.
The naga mage gestures at the naga while chanting.
The naga seems to grow toxic.
The naga mage hits you with a +1 vampiric whip!
The naga mage constricts you. The great orb of eyes bites you!
The hellion hits you.
You draw a card...
You have drawn Exile.
Nothing appears to happen.
A chorus of shrieks assaults your mind.
The hellion hits you but does no damage.
The naga mage mumbles some strange words.
The naga mage seems to speed up.
The naga mage constricts you.
The great orb of eyes closely misses you.
You hit the hellion. Lightning courses through the hellion!
The hellion is moderately wounded.
The naga mage hits you with a +1 vampiric whip!
The naga mage constricts you. The tentacled starspawn bites you!!
* * * LOW HITPOINT WARNING * * *
The tentacled starspawn misses you. The hellion misses you.
You hit the hellion.
The hellion is moderately wounded.
The great orb of eyes pulsates ominously.
The great orb of eyes bites you but does no damage.
The naga mage spits poison at you. The splash of poison misses you.
The splash of poison hits the great orb of eyes.
The naga mage constricts you.
The guardian serpent casts a spell at you.
You feel better. The hellion closely misses you.
The tentacled starspawn bites you!!
* * * LOW HITPOINT WARNING * * *
The tentacled starspawn tentacle-slaps you!
* * * LOW HITPOINT WARNING * * *
The naga mage hits you with a +1 vampiric whip!
You die...
Your body glows slightly and disappears.

.ยง . . .# # ##
#.# .# #..##
#.##.#
#..#N##...#
..#@2X#
..##.#X#Gx## #
# .....##
XSX##. ... #
...N .#X... ...
####...###.#..#
#. ~~~~ ##.
#... ####~~ #.
. . ### #. # .#


You could see 4 starcursed masses, a tentacled starspawn, a great orb of eyes, a
guardian serpent, a naga mage (fast, catching breath), a hellion and a small
abomination.

Vanquished Creatures
  Gastronok (D:8)
  A boulder beetle (D:11)
  A two-headed ogre (D:12)
  3 thrashing horrors (Abyss:2)
  A large abomination (Abyss:2)
  2 cyclopes
  A smoke demon (Abyss:2)
  2 kobold demonologists
  Maggie (D:9)
  A komodo dragon (D:10)
  3 trolls
  3 slime creatures
  10 yaks
  A vampire (Abyss:2)
  A shadow (D:11)
  A water elemental (D:11)
  2 wyverns
  A chaos spawn (Abyss:2)
  2 steam dragons
  3 vampire mosquitoes
  A water moccasin (D:7)
  3 orc warriors (D:10)
  An ice beast (D:6)
  A sky beast (D:7)
  5 centaurs
  4 ogres
  2 phantoms
  3 kobold brigands
  3 scorpions
  4 bullfrogs
  2 gnoll sergeants
  A small abomination (Abyss:2)
  A water moccasin zombie (D:5)
  4 wights
  8 electric eels (D:11)
  A howler monkey (D:7)
  2 centaur zombies (D:5)
  5 hounds
  8 jellies
  7 orc priests
  A gnoll bouda (D:5)
  An iron imp (Abyss:2)
  Ijyb (D:3)
  2 iguanas (D:5)
  A scorpion zombie (D:5)
  12 orc wizards
  2 hound zombies (D:5)
  Robin (D:3)
  18 gnolls
  6 adders
  A shadow imp (D:7)
  2 white imps
  4 ufetubi
  3 worms
  4 dart slugs
  33 orcs
  5 ball pythons
  6 bats
  10 endoplasms
  7 giant cockroaches
  12 goblins
  11 hobgoblins
  9 quokkas
  5 frilled lizards
  20 kobolds
  4 rats
288 creatures vanquished.

Vanquished Creatures (others)
  8 fungi (D:8)
  4 plants (D:10)
  2 starspawn tentacles (Abyss:2)
  2 toadstools (D:8)
16 creatures vanquished.

Grand Total: 304 creatures vanquished

Notes
Turn   | Place    | Note
-------+----------+-------------------------------------------
     0 | D:1      | bearlyready the Gnoll Reaver began the quest for the Orb.
     0 | D:1      | Reached XP level 1. HP: 20/20 MP: 6/6
   259 | D:1      | Found a faded altar of an unknown god.
   321 | D:1      | Reached XP level 2. HP: 22/26 MP: 5/7
   729 | D:2      | Reached skill level 5 in Spellcasting
   729 | D:2      | Reached XP level 3. HP: 31/31 MP: 7/9
   732 | D:2      | Learned a level 2 spell: Momentum Strike
  1053 | D:2      | Reached skill level 1 in Invocations
  1207 | D:2      | Reached skill level 1 in Short Blades
  1207 | D:2      | Reached skill level 1 in Long Blades
  1207 | D:2      | Reached skill level 1 in Axes
  1207 | D:2      | Reached skill level 1 in Polearms
  1207 | D:2      | Reached skill level 1 in Staves
  1207 | D:2      | Reached skill level 1 in Ranged Weapons
  1207 | D:2      | Reached skill level 1 in Throwing
  1207 | D:2      | Reached skill level 1 in Armour
  1207 | D:2      | Reached skill level 1 in Stealth
  1207 | D:2      | Reached skill level 1 in Shields
  1207 | D:2      | Reached skill level 1 in Unarmed Combat
  1207 | D:2      | Reached skill level 1 in Evocations
  1499 | D:3      | Noticed Robin
  1502 | D:3      | Reached XP level 4. HP: 38/38 MP: 11/11
  1548 | D:3      | Killed Robin
  1549 | D:3      | Reached skill level 1 in Hexes
  1549 | D:3      | Reached skill level 1 in Summonings
  1549 | D:3      | Reached skill level 1 in Necromancy
  1549 | D:3      | Reached skill level 1 in Translocations
  1549 | D:3      | Reached skill level 1 in Transmutations
  1549 | D:3      | Reached skill level 1 in Fire Magic
  1549 | D:3      | Reached skill level 1 in Ice Magic
  1549 | D:3      | Reached skill level 1 in Air Magic
  1549 | D:3      | Reached skill level 1 in Earth Magic
  1549 | D:3      | Reached skill level 1 in Poison Magic
  1672 | D:3      | Found a glowing drain.
  1782 | D:3      | Found a shimmering blue altar of Sif Muna.
  1782 | D:3      | Found a hazy altar of Hepliaklqana.
  1899 | D:3      | Noticed Ijyb
  1922 | D:3      | Killed Ijyb
  1923 | D:3      | Reached XP level 5. HP: 31/43 MP: 8/12
  2335 | D:3      | Noticed a phantom
  2350 | D:3      | Killed a phantom
  2417 | D:4      | Reached XP level 6. HP: 50/50 MP: 11/14
  2503 | D:4      | Found Xeoguck's Armour Shoppe.
  2600 | D:4      | Reached skill level 5 in Fighting
  2600 | D:4      | Reached skill level 5 in Dodging
  2738 | D:4      | Reached XP level 7. HP: 29/56 MP: 7/15
  2951 | D:4      | Found Kyfau's Assorted Antiques.
  2957 | D:4      | Found Miedaila's Armour Boutique.
  3079 | D:4      | Found Itixixt's Antique Armour Emporium.
  3441 | D:4      | Found Imerecot's Weapon Boutique.
  3610 | D:5      | Entered Level 5 of the Dungeon
  4148 | D:5      | Reached XP level 8. HP: 46/63 MP: 12/16
  4229 | D:5      | Found a basalt altar of Yredelemnul.
  4399 | D:5      | Found an opulent altar of Gozag.
  4400 | D:5      | Found a bloodstained altar of Trog.
  5644 | D:6      | Found a staircase to the Ecumenical Temple.
  5666 | Temple   | Entered the Ecumenical Temple
  5873 | Temple   | Became a worshipper of Nemelex Xobeh the Trickster
  5901 | D:6      | Reached XP level 9. HP: 67/69 MP: 18/18
  7186 | D:6      | Upgraded the game from 0.30-a0-1075-gcd70e7a56d to
                  | 0.30-a0-1082-g70414cbcbb
  7856 | D:8      | Reached * piety under Nemelex Xobeh
  7960 | D:7      | Reached skill level 5 in Invocations
  8162 | D:8      | Noticed Gastronok
  8202 | D:8      | Killed Gastronok
  8203 | D:8      | Reached skill level 5 in Short Blades
  8203 | D:8      | Reached skill level 5 in Long Blades
  8203 | D:8      | Reached skill level 5 in Axes
  8203 | D:8      | Reached skill level 5 in Polearms
  8203 | D:8      | Reached skill level 5 in Staves
  8203 | D:8      | Reached skill level 5 in Ranged Weapons
  8203 | D:8      | Reached skill level 5 in Throwing
  8203 | D:8      | Reached skill level 5 in Armour
  8203 | D:8      | Reached skill level 5 in Stealth
  8203 | D:8      | Reached skill level 5 in Shields
  8203 | D:8      | Reached skill level 5 in Unarmed Combat
  8203 | D:8      | Reached skill level 5 in Evocations
  8203 | D:8      | Reached XP level 10. HP: 63/79 MP: 8/20
  8733 | D:9      | Learned a level 1 spell: Slow
  8802 | D:9      | Found a glowing silver altar of Zin.
  8811 | D:9      | Found a burning altar of Makhleb.
  8826 | D:9      | Found a stormy altar of Qazlal.
  8827 | D:9      | Found a blossoming altar of Fedhas.
  9032 | D:9      | Identified a scroll of acquirement
  9035 | D:9      | Acquired 489 gold pieces
  9066 | D:9      | Found a radiant altar of Vehumet.
  9115 | D:9      | Noticed Maggie
  9143 | D:9      | Killed Maggie
  9686 | D:8      | Found an iron altar of Okawaru.
  9706 | D:8      | Received a gift from Nemelex Xobeh
 10406 | D:10     | Entered Level 10 of the Dungeon
 10684 | D:10     | Found a staircase to the Orcish Mines.
 10717 | D:10     | Reached skill level 5 in Hexes
 10717 | D:10     | Reached skill level 5 in Summonings
 10717 | D:10     | Reached skill level 5 in Necromancy
 10717 | D:10     | Reached skill level 5 in Translocations
 10717 | D:10     | Reached skill level 5 in Transmutations
 10717 | D:10     | Reached skill level 5 in Fire Magic
 10717 | D:10     | Reached skill level 5 in Ice Magic
 10717 | D:10     | Reached skill level 5 in Air Magic
 10717 | D:10     | Reached skill level 5 in Earth Magic
 10717 | D:10     | Reached skill level 5 in Poison Magic
 10914 | D:10     | Reached XP level 11. HP: 55/85 MP: 22/22
 10918 | D:10     | Reached ** piety under Nemelex Xobeh
 11138 | D:10     | Found a staircase to the Lair.
 11505 | D:11     | Received a gift from Nemelex Xobeh
 11569 | D:11     | Noticed a sun demon
 11767 | D:11     | Noticed a boulder beetle
 11790 | D:11     | Killed a boulder beetle
 11907 | D:11     | Noticed a cyclops
 11926 | D:11     | Killed a cyclops
 11952 | D:11     | Acquired 1009 gold pieces
 12768 | D:12     | Received a gift from Nemelex Xobeh
 12782 | D:12     | Reached *** piety under Nemelex Xobeh
 12848 | D:12     | Found an iron altar of Okawaru.
 12998 | D:12     | Noticed a two-headed ogre
 13003 | D:12     | Killed a two-headed ogre
 13032 | D:12     | Noticed a cyclops
 13049 | D:12     | Killed a cyclops
 13129 | D:12     | Received a gift from Nemelex Xobeh
 13129 | D:12     | Noticed Sonja
 13139 | Abyss:2  | Cast into level 2 of the Abyss (Sonja)
 13195 | Abyss:2  | Found a corrupted altar of Lugonu.
 13201 | Abyss:2  | Found a corrupted altar of Lugonu.
 13201 | Abyss:2  | Noticed a large abomination
 13201 | Abyss:2  | Found a corrupted altar of Lugonu.
 13214 | Abyss:2  | Killed a large abomination
 13226 | Abyss:2  | Noticed a revenant
 13238 | Abyss:2  | Noticed a thrashing horror
 13247 | Abyss:2  | Noticed a thrashing horror
 13256 | Abyss:2  | Killed a thrashing horror
 13257 | Abyss:2  | Reached XP level 12. HP: 56/94 MP: 24/24
 13260 | Abyss:2  | Killed a thrashing horror
 13345 | Abyss:2  | Noticed a thrashing horror
 13382 | Abyss:2  | Killed a thrashing horror
 13439 | Abyss:2  | Noticed a starcursed mass
 13452 | Abyss:2  | Noticed an eidolon
 13454 | Abyss:2  | Noticed a tentacled starspawn
 13458 | Abyss:2  | Noticed a great orb of eyes
 13470 | Abyss:2  | HP: 1/94 [tentacled starspawn (7)]
 13470 | Abyss:2  | Mangled by a naga mage

Illustrated notes

Levels and vault maps discovered:
D:1:      sevenhm_arrival_forest_fort_small_3, layout_rooms,
          basic_ecumenical_altar
D:2:      layout_loops_ring, chequers_serial_rivers_micro_b
D:3:      layout_loops_ring, chequers_temple_overflow_statue_of_worship,
          gup_sewer_entry_pipe, uniq_robin, uniq_ijyb
D:4:      minmay_clustersquares, layout_basic, serial_shops,
          nicolae_square_shop, shop, shop, nicolae_diamond_shop,
          nicolae_shop_hallway_plus
D:5:      layout_cave_pods, nicolae_yredelemnul_corpse_copse,
          nicolae_overflow_squiral
D:6:      wander_river, layout_basic, temple_fountains
D:7:      layout_basic, minmay_fractal_squares_diagonal_5
D:8:      cheibrodos_fertilizer, layout_loops_cross, general_overflow_altar,
          uniq_gastronok
D:9:      layout_loops_cross, nicolae_overflow_quartered_altars,
          mainiacjoe_overflow_catwalk, library_closet, uniq_maggie
D:10:     layout_basic, david_lair_shrubbed, orc_0_dummy,
          kennysheep_generic_room_12
D:11:     layout_basic, kennysheep_generic_room_7
D:12:     layout_basic, okawaru_ov_weapons_minmay, uniq_sonja
Temple:   jpeg_temple_clearing
Abyss:2:  base:
Sewer

Skill      XL: |  1  2  3  4  5  6  7  8  9 10 11 12 |
---------------+-------------------------------------+-----
Spellcasting   | 5 6 7 8 9 |  9.0
Invocations    | 1 2 3 4 5 6 7 8 |  8.0
Short Blades   | 1 2 3 5 6 7 |  7.3
Long Blades    | 1 2 3 5 6 7 |  7.3
Axes           | 1 2 3 5 6 7 |  7.3
Polearms       | 1 2 3 5 6 7 |  7.3
Staves         | 1 2 3 5 6 7 |  7.3
Ranged Weapons | 1 2 3 5 6 7 |  7.3
Throwing       | 1 2 3 5 6 7 |  7.3
Armour         | 1 2 3 5 6 7 |  7.3
Stealth        | 1 2 3 5 6 7 |  7.3
Shields        | 1 2 3 5 6 7 |  7.3
Unarmed Combat | 1 2 3 5 6 7 |  7.3
Evocations     | 1 2 3 5 6 7 |  7.3
Hexes          | 1 2 3 4 5 6 |  6.1
Summonings     | 1 2 3 4 5 6 |  6.1
Necromancy     | 1 2 3 4 5 6 |  6.1
Translocations | 1 2 3 4 5 6 |  6.1
Transmutations | 1 2 3 4 5 6 |  6.1
Fire Magic     | 1 2 3 4 5 6 |  6.1
Ice Magic      | 1 2 3 4 5 6 |  6.1
Air Magic      | 1 2 3 4 5 6 |  6.1
Earth Magic    | 1 2 3 4 5 6 |  6.1
Poison Magic   | 1 2 3 4 5 6 |  6.1
Fighting       | 5 6 7 8 |  8.7
Dodging        | 5 6 7 8 |  8.7
Maces & Flails | 7 8 9 |  9.9
Conjurations   | 6 7 8 |  8.3

Action                     |  1- 3 |  4- 6 |  7- 9 | 10-12 || total
---------------------------+-------+-------+-------+-------++-------
  Melee: Mace              |   112 |   151 |       |       ||   263
         Bite              |     9 |    27 |    80 |    71 ||   187
         Punch             |     3 |     3 |    18 |    31 ||    55
         Quarterstaff      |       |   100 |    70 |       ||   170
         Dagger            |       |       |   510 |   372 ||   882
         Whip              |       |       |    15 |       ||    15
         Trident           |       |       |     9 |   174 ||   183
   Fire: Longbow           |       |       |       |   138 ||   138
  Throw: Dart              |       |       |     1 |     1 ||     2
   Cast: Momentum Strike   |       |     3 |     4 |     1 ||     8
         Slow              |       |       |       |     2 ||     2
 Invoke: Draw Destruction  |       |       |       |    13 ||    13
         Draw Escape       |       |       |       |     1 ||     1
  Evoke: Wand              |       |       |       |    16 ||    16
    Use: Scroll            |     3 |       |     6 |    14 ||    23
         Potion            |       |       |     7 |     2 ||     9
   Stab: Sleeping          |       |       |     2 |     2 ||     4
 Armour: Leather armour    |     9 |       |       |       ||     9
         Ring mail         |    33 |   106 |   226 |    34 ||   399
         Steam dragon scal |       |       |       |   149 ||   149
  Dodge: Dodged            |    62 |   152 |   349 |   360 ||   923

Table legend: (Time is in decaauts)
 A = Elapsed time spent in this place.
 B = Non-inter-level travel time spent in this place.
 C = Inter-level travel time spent in this place.
 D = Time resting spent in this place.
 E = Time spent auto-exploring this place.
 F = Levels seen in this place.
 G = Mean time per level.
                   A        B        C        D        E       F      G
               +--------+--------+--------+--------+--------+-----+--------+
         Total |  13413 |  12865 |    548 |    801 |   8697 |  14 |  958.1 |
       Dungeon |  12848 |  12340 |    508 |    743 |   8495 |  12 | 1070.7 |
        Temple |    222 |    182 |     40 |      0 |    139 |   1 |  222.0 |
         Abyss |    342 |    342 |      0 |     58 |     63 |   1 |  342.0 |
               +--------+--------+--------+--------+--------+-----+--------+

Top non-repeatable levels by time:
     D:5: 1608 daAuts
     D:7: 1433 daAuts
     D:8: 1235 daAuts
     D:3: 1211 daAuts
     D:9: 1175 daAuts
    D:11: 1131 daAuts
    D:10: 1100 daAuts
     D:4: 1040 daAuts
     D:6: 1036 daAuts
     D:2: 854 daAuts
     D:1: 580 daAuts
    D:12: 441 daAuts
 Abyss:2: 342 daAuts
  Temple: 222 daAuts
